[Event "Team 45 45 League T96"]
[Site "Internet Chess Club"]
[Date "2023.05.29"]
[Round "3"]
[White "Alec-hine"]
[Black "Goli"]
[Result "1-0"]
[WhiteElo "1885"]
[BlackElo "1803"]
[Opening "Trompowsky attack (Ruth, Opocenský opening)"]
[ECO "A45"]
[Time "13:00:23"]
[PlyCount "91"]
[TimeControl "2700+45"]

1. d4 Nf6 2. Bg5 Ne4 3. Bf4 g5 4. Bc1 h6 5. f3 Nf6 6. e4 d6 7. Nc3 Nc6 8. Be3 a6
9. Qd2 Bg7 10. Nge2 Bd7 11. g4 e6 12. O-O-O Qe7 13. Kb1 O-O-O 14. h4 gxh4 15.
Bf2 Rdg8 16. Bxh4 Qf8 17. Bf2 Nh7 18. Ng3 Nf6 19. Be2 Qe7 20. Be3 Qf8 21. Rh2
Rh7 22. Rdh1 Rgh8 23. Bd3 e5 24. d5 Ne7 25. Nce2 Ng6 26. c4 Kd8 27. Ka1 Bc8 28.
Qc1 b6 29. a3 a5 30. Ka2 Bd7 31. Bc2 Ne7 32. b4 axb4 33. axb4 Ng6 34. Kb3 Ke7
35. Nf5+ Bxf5 36. exf5 Nf4 37. Nxf4 exf4 38. Bxf4 Kd7 39. Qa3 Qa8 40. Qxa8 Rxa8
41. Bxh6 Bxh6 42. Rxh6 Rxh6 43. Rxh6 Ke7 44. g5 Nd7 45. f6+ Ke8 46. g6 {Black
resigns} 1-0

[Event "Team 45 45 League T96"]
[Site "Internet Chess Club"]
[Date "2023.05.30"]
[Round "3"]
[White "fhunfi"]
[Black "timcent"]
[Result "0-1"]
[WhiteElo "1695"]
[BlackElo "1884"]
[Opening "Sicilian: Richter-Rauzer, Rauzer attack, 7...a6"]
[ECO "B66"]
[Time "18:06:56"]
[PlyCount "84"]
[TimeControl "2700+45"]

1. e4 c5 2. Nf3 Nc6 3. d4 cxd4 4. Nxd4 Nf6 5. Nc3 d6 6. Bg5 e6 7. Qd2 a6 8. f3
h6 9. Be3 Bd7 10. O-O-O Qc7 11. Kb1 Ne5 12. Qf2 b5 13. Bd3 b4 14. Nce2 d5 15. h3
Nc4 16. Bxc4 dxc4 17. Nc1 a5 18. Nde2 a4 19. g4 Be7 20. h4 Bb5 21. g5 Nd7 22.
Qg3 Qa5 23. gxh6 gxh6 24. Bd4 Bf6 25. Bxf6 Nxf6 26. Qg7 Ke7 27. e5 Nh7 28. Qxh6
c3 29. Nf4 Rag8 30. Rhg1 Nf8 31. Qf6+ Ke8 32. Rxg8 Rxg8 33. Nh5 cxb2 34. Nd3
Bxd3 35. cxd3 b3 36. Ng7+ Rxg7 37. Qxg7 bxa2+ 38. Kxb2 Qb4+ 39. Ka1 Qc3+ 40.
Kxa2 Qb3+ 41. Ka1 Qxd1+ 42. Ka2 Qc2+ {White resigns} 0-1

[Event "Team 45 45 League T96"]
[Site "Internet Chess Club"]
[Date "2023.05.26"]
[Round "3"]
[White "mnpaulson"]
[Black "Zugzwanged"]
[Result "1-0"]
[WhiteElo "1516"]
[BlackElo "1604"]
[Opening "Queen's Indian accelerated"]
[ECO "A50"]
[Time "09:15:36"]
[PlyCount "90"]
[TimeControl "2700+45"]

1. d4 Nf6 2. c4 b6 3. Nc3 Bb7 4. f3 d5 5. cxd5 Nxd5 6. e4 Nxc3 7. bxc3 e5 8.
dxe5 Nd7 9. Bf4 Qe7 10. Qd4 O-O-O 11. Bb5 f6 12. exf6 Nxf6 13. Qc4 Qc5 14. Ne2
h6 15. Nd4 Bd6 16. Qxc5 Bxc5 17. Ne6 Rdg8 18. Nxc5 bxc5 19. O-O Rd8 20. Rfd1
Rhf8 21. Rxd8+ Rxd8 22. Ba4 g5 23. Be5 Nd7 24. Bg7 Nb6 25. Bb3 c4 26. Bc2 h5 27.
Rd1 Rg8 28. Bf6 g4 29. Kf2 c5 30. e5 gxf3 31. gxf3 Nd5 32. Bf5+ Kc7 33. Be6 Nxf6
34. exf6 Rf8 35. Rd7+ Kc6 36. Rf7 Rxf7 37. Bxf7 h4 38. Bxc4 Kd6 39. Ke3 Bc8 40.
Kf4 Be6 41. Bxe6 Kxe6 42. Kg5 Kf7 43. Kf5 h3 44. c4 a6 45. a4 a5 {White declared
winner by adjudication} 1-0

[Event "Team 45 45 League T96"]
[Site "Internet Chess Club"]
[Date "2023.05.28"]
[Round "3"]
[White "ChessMaine"]
[Black "seattleblues"]
[Result "1-0"]
[WhiteElo "1502"]
[BlackElo "1253"]
[Opening "QGD Slav: 4.e3 Bf5"]
[ECO "D12"]
[Time "06:02:35"]
[PlyCount "89"]
[TimeControl "2700+45"]

1. d4 d5 2. e3 Bf5 3. Nf3 Nf6 4. c4 c6 5. Nc3 e6 6. Qb3 Qb6 7. Qxb6 axb6 8. cxd5
exd5 9. Be2 Bb4 10. O-O O-O 11. a3 Bd6 12. Bd2 Nbd7 13. b4 b5 14. a4 bxa4 15.
Nxa4 Bc2 16. Nc5 Nxc5 17. bxc5 Rxa1 18. Rxa1 Bc7 19. Ba5 Ra8 20. Rc1 Rxa5 21.
Rxc2 Ra1+ 22. Bf1 Kf8 23. Rb2 Ra7 24. g3 h5 25. Bd3 g6 26. Bf1 Ng4 27. Ng5 Bd8
28. Nf3 Bc7 29. h3 Nf6 30. Ng5 Ng8 31. h4 Nf6 32. Bh3 Ng4 33. Kg2 Ke7 34. Rb3 f6
35. Nf3 Kf7 36. Ne1 f5 37. Nd3 Nf6 38. f3 Nd7 39. g4 Kf6 40. gxh5 gxh5 41. Nf4
Bxf4 42. exf4 Nf8 43. Kf2 Ng6 44. Kg3 Kg7 45. Bxf5 {Black resigns} 1-0

[Event "Team 45 45 League T96"]
[Site "Internet Chess Club"]
[Date "2023.05.28"]
[Round "3"]
[White "Packerfan"]
[Black "Portola"]
[Result "1/2-1/2"]
[WhiteElo "1684"]
[BlackElo "1734"]
[Opening "French defense, Steiner variation"]
[ECO "A13"]
[Time "16:00:39"]
[PlyCount "60"]
[TimeControl "2700+45"]

1. c4 e6 2. e4 d5 3. exd5 exd5 4. d4 Nf6 5. Nf3 Be7 6. Nc3 O-O 7. cxd5 Nxd5 8.
Be2 c6 9. O-O Bf5 10. Qb3 Nxc3 11. bxc3 Qc7 12. Ba3 Bxa3 13. Qxa3 Re8 14. Qb2
Nd7 15. Rfe1 h6 16. Rad1 Nf6 17. Ne5 Rad8 18. Bd3 Bxd3 19. Nxd3 Ng4 20. g3 Nf6
21. Rxe8+ Rxe8 22. Re1 Rxe1+ 23. Nxe1 Qe7 24. Nd3 b6 25. Nf4 Qe4 26. Qe2 Qb1+
27. Kg2 Qf5 28. c4 Kf8 29. Nd3 Qc8 30. Ne5 Nd7 {Game drawn by mutual agreement}
1/2-1/2

[Event "Team 45 45 League T96"]
[Site "Internet Chess Club"]
[Date "2023.05.27"]
[Round "3"]
[White "ivanson"]
[Black "Kingofknights"]
[Result "1-0"]
[WhiteElo "1587"]
[BlackElo "1539"]
[Opening "Caro-Kann: Steinitz variation"]
[ECO "B17"]
[Time "14:00:22"]
[PlyCount "55"]
[TimeControl "2700+45"]

1. e4 c6 2. d4 d5 3. Nc3 dxe4 4. Nxe4 Nd7 5. Ng5 Ngf6 6. Bd3 e6 7. N1f3 Bd6 8.
Qe2 h6 9. Ne4 Nxe4 10. Qxe4 Nf6 11. Qe2 c5 12. Be3 Qc7 13. O-O-O b6 14. dxc5
Bxc5 15. Bxc5 Qxc5 16. Ne5 Bb7 17. Bb5+ Ke7 18. f3 Bd5 19. Kb1 Rhd8 20. Rhe1 a6
21. Ba4 b5 22. Bb3 Rac8 23. Rxd5 Nxd5 24. Nxf7 Kxf7 25. Qxe6+ Kf8 26. Re5 Qg1+
27. Re1 Re8 28. Qd6+ {Black resigns} 1-0

[Event "Team 45 45 League T96"]
[Site "Internet Chess Club"]
[Date "2023.05.27"]
[Round "3"]
[White "burlap"]
[Black "RD1974"]
[Result "0-1"]
[WhiteElo "1301"]
[BlackElo "1629"]
[Opening "French: advance, Paulsen attack"]
[ECO "C02"]
[Time "11:00:08"]
[PlyCount "84"]
[TimeControl "2700+45"]

1. e4 e6 2. d4 d5 3. e5 c5 4. c3 Nc6 5. Nf3 Nh6 6. Bd3 Nf5 7. Bxf5 exf5 8. O-O
Be7 9. Re1 Be6 10. Be3 cxd4 11. cxd4 O-O 12. Nc3 a6 13. Qd2 Na5 14. Bg5 Nc4 15.
Bxe7 Qxe7 16. Qe2 b5 17. b3 Na5 18. Qd2 Nc6 19. Re2 Rfc8 20. Rae1 Qb4 21. Nb1
Qe7 22. Nc3 Rc7 23. Qd3 Nb4 24. Qd2 Rac8 25. Nb1 Rc2 26. Qd1 Rxa2 27. Rxa2 Nxa2
28. Qd2 Nb4 29. Qg5 Qc7 30. Nbd2 Nd3 31. Re3 h6 32. Qh4 Qc1+ 33. Nf1 Qc2 34. Ne1
Nxe1 35. Rxe1 Qxb3 36. Qe7 Qc3 37. Rd1 b4 38. Qb7 a5 39. Qa7 b3 40. Nd2 b2 41.
Nb1 Qc2 42. Nc3 Rxc3 {White resigns} 0-1

[Event "Team 45 45 League T96"]
[Site "Internet Chess Club"]
[Date "2023.05.27"]
[Round "3"]
[White "Alec-hine"]
[Black "fileman"]
[Result "1-0"]
[WhiteElo "1871"]
[BlackElo "1775"]
[Opening "Queen's pawn: Lundin (Kevitz-Mikenas) defense"]
[ECO "A40"]
[Time "16:03:51"]
[PlyCount "95"]
[TimeControl "2700+45"]

1. d4 Nc6 2. Nf3 d6 3. d5 Ne5 4. Nxe5 dxe5 5. e4 a6 6. c4 e6 7. Nc3 exd5 8. cxd5
Bd6 9. Be3 Ne7 10. Be2 O-O 11. O-O Ng6 12. Bg4 Bxg4 13. Qxg4 Qc8 14. Qxc8 Raxc8
15. Rac1 h6 16. Na4 b6 17. f3 Ne7 18. Rc2 Rb8 19. b3 Kh7 20. Nb2 b5 21. Nd3 Ra8
22. Rfc1 Rfc8 23. g3 f6 24. Bc5 Kg8 25. f4 Kf7 26. fxe5 fxe5 27. Bb4 Ke8 28. Bc3
Ng6 29. h4 h5 30. Bb2 Kd7 31. Rf1 Rf8 32. Rcf2 Rxf2 33. Rxf2 Ke7 34. Rf5 Rf8 35.
Kg2 Rxf5 36. exf5 e4 37. Nf2 Be5 38. Ba3+ Bd6 39. Bxd6+ Kxd6 40. fxg6 Kxd5 41.
Kf1 Kd4 42. Ke2 c5 43. g4 c4 44. bxc4 bxc4 45. gxh5 c3 46. Nxe4 c2 47. Kd2 Kxe4
48. h6 {Black resigns} 1-0

[Event "Team 45 45 League T96"]
[Site "Internet Chess Club"]
[Date "2023.05.25"]
[Round "3"]
[White "JACampbell"]
[Black "MrAbendroth"]
[Result "1-0"]
[WhiteElo "1637"]
[BlackElo "1655"]
[Opening "Alekhine's defense"]
[ECO "B02"]
[Time "13:00:41"]
[PlyCount "109"]
[TimeControl "2700+45"]

1. e4 Nf6 2. e5 Nd5 3. c4 Nb6 4. a4 a5 5. Ra3 e6 6. Rg3 d5 7. c5 Bxc5 8. Rxg7
Qh4 9. Qf3 Qe4+ 10. Qxe4 dxe4 11. Nc3 Bf8 12. Rg4 c6 13. Nxe4 N8d7 14. Nf6+ Nxf6
15. exf6 Nd5 16. b3 Nxf6 17. Bb2 Nxg4 18. Bxh8 Be7 19. Bc3 Bf6 20. Bd3 h6 21.
Nf3 Ke7 22. h3 Bxc3 23. dxc3 Nf6 24. Ne5 Bd7 25. Ng4 Rg8 26. f3 Nd5 27. c4 Nb4
28. Bh7 Rg7 29. Bb1 h5 30. Ne3 h4 31. Kf2 b5 32. c5 bxa4 33. bxa4 Na6 34. Rc1
Rg5 35. Rc4 Rxc5 36. Rxh4 Rc1 37. Bc2 Nb4 38. Bd1 Ra1 39. Rh8 Nd5 40. Be2 Nxe3
41. Kxe3 Rxa4 42. h4 e5 43. h5 Rh4 44. g4 a4 45. Ra8 f5 46. Rxa4 fxg4 47. fxg4
Kf6 48. Kf2 Be6 49. Bf3 Bd5 50. Bxd5 cxd5 51. g5+ Kxg5 52. Rxh4 Kxh4 53. h6 d4
54. h7 e4 55. h8=Q+ {Black resigns} 1-0

[Event "Team 45 45 League T96"]
[Site "Internet Chess Club"]
[Date "2023.05.30"]
[Round "3"]
[White "janh"]
[Black "room-matt"]
[Result "1-0"]
[WhiteElo "2005"]
[BlackElo "1773"]
[Opening "English, Kramnik-Shirov counterattack"]
[ECO "A21"]
[Time "14:34:26"]
[PlyCount "111"]
[TimeControl "2700+45"]

1. c4 e5 2. Nc3 Bb4 3. Qb3 Nc6 4. e3 Nf6 5. g3 Qe7 6. Bg2 Na5 7. Qc2 Nxc4 8. Nd5
Nxd5 9. Qxc4 c6 10. Bxd5 cxd5 11. Qxd5 O-O 12. Ne2 d6 13. O-O Bh3 14. Re1 Rac8
15. a3 Bc5 16. d4 Bb6 17. Bd2 Be6 18. Qf3 Rfe8 19. Bc3 Bc4 20. dxe5 dxe5 21.
Rad1 f6 22. Bb4 Qf7 23. Rd2 Rcd8 24. Nc1 Rxd2 25. Bxd2 Rd8 26. Bc3 Bd5 27. Qe2
Qg6 28. e4 Be6 29. Qb5 Bg4 30. Ba5 Rd6 31. Bxb6 Rxb6 32. Qd5+ Be6 33. Qd8+ Kf7
34. Nd3 Qg4 35. b4 Qf3 36. Qc7+ Kg6 37. Re3 Qd1+ 38. Kg2 Qh5 39. g4 Qh6 40. g5
fxg5 41. Nxe5+ Kh5 42. Qc3 g4 43. h3 Qf4 44. hxg4+ Bxg4 45. Qc5 Kh6 46. Rg3 Bh5
47. Qd4 Rf6 48. Nd3 Qd2 49. e5 Rg6 50. Rxg6+ Bxg6 51. Qh4+ Bh5 52. Nf4 Qd1 53.
e6 Qf3+ 54. Kh2 g5 55. Qxh5+ Qxh5+ 56. Nxh5 {Black resigns} 1-0

[Event "Team 45 45 League T96"]
[Site "Internet Chess Club"]
[Date "2023.05.28"]
[Round "3"]
[White "Beetlejuice"]
[Black "LookImYourVader"]
[Result "1/2-1/2"]
[WhiteElo "1697"]
[BlackElo "1776"]
[Opening "English opening"]
[ECO "A10"]
[Time "14:00:46"]
[PlyCount "39"]
[TimeControl "2700+45"]

1. c4 b6 2. Nc3 Bb7 3. e4 e5 4. Nf3 Nc6 5. Be2 Bc5 6. Nxe5 Bxf2+ 7. Kxf2 Nxe5 8.
d4 Qf6+ 9. Kg1 Ng6 10. Be3 Qe7 11. Qd2 Nf6 12. e5 Ne4 13. Nxe4 Bxe4 14. Re1 a5
15. Bg4 Qb4 16. Qxb4 axb4 17. Bd2 Bd3 18. Bxb4 Bxc4 19. a3 Bd5 20. Bf3 {Game
drawn by mutual agreement} 1/2-1/2

[Event "Team 45 45 League T96"]
[Site "Internet Chess Club"]
[Date "2023.05.27"]
[Round "3"]
[White "ElValero"]
[Black "bobhill"]
[Result "1-0"]
[WhiteElo "1692"]
[BlackElo "1852"]
[Opening "Réti opening"]
[ECO "A30"]
[Time "10:02:07"]
[PlyCount "89"]
[TimeControl "2700+45"]

1. Nf3 c5 2. c4 Nc6 3. Nc3 g6 4. e3 Bg7 5. d4 cxd4 6. Nxd4 Nf6 7. Be2 d6 8. O-O
O-O 9. b3 Bd7 10. Bb2 h5 11. Nd5 Nxd4 12. Nxf6+ Bxf6 13. Bxd4 e5 14. Bb2 Qc7 15.
Qd2 Bc6 16. Rac1 Rad8 17. b4 b6 18. f4 Qb7 19. Bd3 Bg7 20. f5 Be4 21. Bxe4 Qxe4
22. Qc3 d5 23. c5 d4 24. exd4 exd4 25. Qc4 gxf5 26. Rce1 Qg4 27. Qd3 bxc5 28.
bxc5 Rfe8 29. c6 Rxe1 30. Rxe1 Rc8 31. Rc1 Bh6 32. Rc5 Be3+ 33. Kh1 Qh4 34. Rxf5
Rxc6 35. Qb5 Re6 36. Qd3 Bf4 37. g3 Qh3 38. Bxd4 Re1+ 39. Bg1 Be3 40. Qd8+ Kg7
41. Qf6+ Kg8 42. Qxf7+ Kh8 43. Qf8+ Kh7 44. Rf7+ Kg6 45. Qg7# {Black checkmated}
1-0

[Event "Team 45 45 League T96"]
[Site "Internet Chess Club"]
[Date "2023.05.26"]
[Round "3"]
[White "discipulo"]
[Black "julesraider"]
[Result "1-0"]
[WhiteElo "1741"]
[BlackElo "1568"]
[Opening "English opening"]
[ECO "A20"]
[Time "13:00:17"]
[PlyCount "87"]
[TimeControl "2700+45"]

1. c4 e5 2. g3 Nc6 3. Bg2 f5 4. Nc3 Nf6 5. d3 Bb4 6. Bd2 O-O 7. e3 d5 8. cxd5
Bxc3 9. bxc3 Nxd5 10. Ne2 f4 11. exf4 exf4 12. Nxf4 Re8+ 13. Kf1 Nxf4 14. Bxf4
Bf5 15. d4 Na5 16. h3 Qd7 17. Kg1 c6 18. Kh2 Nc4 19. Re1 Rxe1 20. Qxe1 Re8 21.
Qf1 Qe6 22. a4 Nb2 23. a5 Nd3 24. Be3 Qc4 25. Bd2 Bg6 26. f4 Qe6 27. Bf3 Be4 28.
Be2 Qg6 29. a6 b6 30. Rd1 Nb2 31. Re1 Bd5 32. Bf3 Bxf3 33. Rxe8+ Qxe8 34. Qxf3
Nc4 35. Qd3 Nb2 36. Qe3 Qd7 37. Bc1 Nc4 38. Qe4 Nd6 39. Qe5 Kf8 40. Ba3 c5 41.
dxc5 Nc4 42. c6+ Kf7 43. cxd7 Nxe5 44. fxe5 {Black resigns} 1-0

[Event "Team 45 45 League T96"]
[Site "Internet Chess Club"]
[Date "2023.05.28"]
[Round "3"]
[White "AlWynJones"]
[Black "ElValero"]
[Result "0-1"]
[WhiteElo "1448"]
[BlackElo "1699"]
[Opening "English opening"]
[ECO "A13"]
[Time "10:00:19"]
[PlyCount "60"]
[TimeControl "2700+45"]

1. c4 e6 2. Nc3 c5 3. e4 Nc6 4. f4 Nge7 5. Nf3 d5 6. cxd5 exd5 7. exd5 Nxd5 8.
Qb3 Nxf4 9. d4 cxd4 10. Bxf4 dxc3 11. Qxc3 Bb4 12. Bb5 Bxc3+ 13. bxc3 O-O 14.
Kf1 Qf6 15. g3 Bh3+ 16. Kf2 Qxc3 17. Rac1 Qb2+ 18. Be2 Bg4 19. Rhe1 Rfe8 20. Rb1
Rxe2+ 21. Rxe2 Qxb1 22. Kg2 Bxf3+ 23. Kxf3 Nd4+ 24. Kf2 Nxe2 25. Kxe2 Qxa2+ 26.
Kf1 Rd8 27. Ke1 Rd4 28. Bg5 Qc2 29. Bd2 Rxd2 30. g4 Rd1# {White checkmated} 0-1

[Event "Team 45 45 League T96"]
[Site "Internet Chess Club"]
[Date "2023.05.28"]
[Round "3"]
[White "julesraider"]
[Black "fireball"]
[Result "0-1"]
[WhiteElo "1558"]
[BlackElo "1504"]
[Opening "QGD: Albin counter-gambit"]
[ECO "D08"]
[Time "14:00:43"]
[PlyCount "128"]
[TimeControl "2700+45"]

1. d4 d5 2. c4 e5 3. dxe5 d4 4. Nf3 Nc6 5. a3 Nge7 6. Bg5 h6 7. Bh4 g5 8. Bg3
Bg7 9. Nbd2 Nf5 10. Qa4 Bd7 11. e6 fxe6 12. O-O-O O-O 13. Ne4 b6 14. Qc2 a5 15.
e3 dxe3 16. Qd3 Nxg3 17. hxg3 Be8 18. Qxe3 Qe7 19. Bd3 Rd8 20. Rhe1 Bf7 21. g4
Rd7 22. Rd2 Rfd8 23. Red1 e5 24. Ng3 Qf6 25. Ne4 Qf4 26. Qe2 Qxg4 27. Qe3 Qf4
28. Qxf4 exf4 29. Nexg5 hxg5 30. Bh7+ Kxh7 31. Nxg5+ Kg6 32. Nxf7 Rxf7 33. Rxd8
Nxd8 34. Rxd8 Be5 35. Rd5 Kf6 36. Kc2 Ke6 37. Rd8 Ke7 38. Rd2 Bd6 39. Re2+ Kd7
40. f3 Re7 41. Rd2 Kc6 42. a4 Kc5 43. b3 Re3 44. Rd5+ Kb4 45. Rb5+ Ka3 46. Rg5
Rxb3 47. Rg8 Kxa4 48. c5 Bxc5 49. g4 fxg3 50. Rxg3 Bd6 51. Rg4+ Rb4 52. Kd3 Rxg4
53. fxg4 Kb3 54. g5 Be5 55. g6 a4 56. Ke4 Bb2 57. Kf5 a3 58. Ke6 a2 59. Kf7 a1=Q
60. g7 Bxg7 61. Ke6 Qe5+ 62. Kd7 Kc4 63. Kc6 b5 64. Kb7 b4 {White resigns} 0-1

[Event "Team 45 45 League T96"]
[Site "Internet Chess Club"]
[Date "2023.05.29"]
[Round "3"]
[White "vollmerj"]
[Black "mongmong"]
[Result "1-0"]
[WhiteElo "1520"]
[BlackElo "1469"]
[Opening "Réti opening"]
[ECO "A04"]
[Time "18:00:35"]
[PlyCount "63"]
[TimeControl "2700+45"]

1. Nf3 e6 2. g3 Nf6 3. Bg2 b5 4. Nd4 c6 5. Nxb5 Na6 6. O-O Qb6 7. N5c3 Bb4 8. d3
Bxc3 9. Nxc3 Bb7 10. b3 O-O 11. Bg5 Nd5 12. Nxd5 cxd5 13. e4 dxe4 14. Bxe4 d5
15. Bg2 Rfc8 16. Qg4 Rxc2 17. Bf6 g6 18. Qg5 e5 19. Bxe5 Re8 20. Qf6 Qxf6 21.
Bxf6 Ree2 22. Bd4 h5 23. Bxa7 Nb4 24. Rac1 Nxd3 25. Rxc2 Rxc2 26. Rd1 Ne5 27.
Bd4 Nd7 28. a4 Nf8 29. b4 Rc4 30. Bc5 Ne6 31. Bxd5 Nxc5 32. Bxc4 {Black resigns}
1-0

[Event "Team 45 45 League T96"]
[Site "Internet Chess Club"]
[Date "2023.05.28"]
[Round "3"]
[White "Gilguli"]
[Black "ChessG2011"]
[Result "1-0"]
[WhiteElo "1452"]
[BlackElo "1435"]
[Opening "Vienna: Paulsen-Mieses variation"]
[ECO "C26"]
[Time "15:03:17"]
[PlyCount "65"]
[TimeControl "2700+45"]

1. e4 e5 2. Nc3 Nf6 3. g3 Bb4 4. d3 h6 5. f4 Bxc3+ 6. bxc3 d6 7. f5 b6 8. Bg2
Bb7 9. Nf3 Qd7 10. O-O Qb5 11. Be3 Ng4 12. Bd2 Qc5+ 13. d4 Qb5 14. h3 Nf6 15.
dxe5 dxe5 16. Nxe5 Qxe5 17. Bf4 Qc5+ 18. Kh2 O-O 19. e5 Bxg2 20. Kxg2 Nd5 21.
Qg4 Nxf4+ 22. gxf4 Qc6+ 23. Kg3 Qxc3+ 24. Kh4 f6 25. Rg1 Rf7 26. Rad1 Nc6 27. e6
Re7 28. Rd7 Qc5 29. Qxg7+ Rxg7 30. Rgxg7+ Kf8 31. Rdf7+ Ke8 32. Rg8+ Qf8 33.
Rgxf8# {Black checkmated} 1-0

[Event "Team 45 45 League T96"]
[Site "Internet Chess Club"]
[Date "2023.05.25"]
[Round "3"]
[White "rubo"]
[Black "Rookmaster"]
[Result "1-0"]
[WhiteElo "1494"]
[BlackElo "1589"]
[Opening "Queen's pawn, Mason variation, Steinitz counter-gambit"]
[ECO "D00"]
[Time "21:00:15"]
[PlyCount "99"]
[TimeControl "2700+45"]

1. d4 d5 2. Bf4 c5 3. e3 cxd4 4. exd4 Nc6 5. c3 Nf6 6. Nd2 e6 7. Bd3 Bd6 8. Bg3
O-O 9. Ngf3 Bxg3 10. hxg3 h6 11. Ne5 Nd7 12. f4 Ndxe5 13. fxe5 f5 14. exf6 Rxf6
15. Nf3 Qc7 16. Qe2 Bd7 17. Ne5 Raf8 18. Nf3 Qxg3+ 19. Kd2 Qc7 20. Rh5 e5 21.
dxe5 Bg4 22. exf6 Bxh5 23. Qe6+ Bf7 24. Qg4 Be8 25. fxg7 Qf4+ 26. Qxf4 Rxf4 27.
Ke3 Rg4 28. Kf2 Kxg7 29. Re1 Bg6 30. Re3 Rf4 31. Kg3 Rf6 32. Nh4 Bxd3 33. Rxd3
Ne7 34. Re3 Nf5+ 35. Nxf5+ Rxf5 36. Re7+ Rf7 37. Rxf7+ Kxf7 38. Kf4 Kf6 39. a4
Ke6 40. Kg4 Ke5 41. Kh5 d4 42. cxd4+ Kxd4 43. Kxh6 Kc4 44. g4 Kb4 45. g5 a5 46.
g6 Kxa4 47. g7 Kb3 48. g8=Q+ Kxb2 49. Qc4 Ka3 50. Qb5 {Black resigns} 1-0

[Event "Team 45 45 League T96"]
[Site "Internet Chess Club"]
[Date "2023.05.26"]
[Round "3"]
[White "SeniorCitizen"]
[Black "BlueStorm"]
[Result "0-1"]
[WhiteElo "1208"]
[BlackElo "1468"]
[Opening "Caro-Kann: advance variation"]
[ECO "B12"]
[Time "13:00:29"]
[PlyCount "98"]
[TimeControl "2700+45"]

1. e4 c6 2. d4 d5 3. e5 Bf5 4. Bd3 Bg6 5. Nf3 e6 6. Bxg6 hxg6 7. O-O Nh6 8. Be3
Be7 9. Qd2 Nd7 10. b3 Nf5 11. Bf4 c5 12. Nc3 cxd4 13. Nxd4 Nxd4 14. Qxd4 Bc5 15.
Qd2 Rc8 16. Nb5 a6 17. Nd6+ Bxd6 18. exd6 Nc5 19. c4 g5 20. Bg3 Ne4 21. Qd4 O-O
22. cxd5 Nxg3 23. fxg3 Qxd6 24. Rad1 Rfd8 25. Qf2 f6 26. Qe2 exd5 27. Rf5 d4 28.
Rf3 Qe5 29. Qd2 Rc6 30. Kf1 Qc5 31. Rd3 Qc2 32. Rxd4 Rxd4 33. Qxd4 Qxa2 34. Qd8+
Kh7 35. Qd3+ Kh6 36. g4 f5 37. Qh3+ Kg6 38. gxf5+ Kf6 39. Re1 Qd2 40. Re6+ Rxe6
41. fxe6 Qf4+ 42. Ke1 Qe5+ 43. Kf2 Qxe6 44. Qxe6+ Kxe6 45. Kf3 a5 46. Kg4 Kf6
47. h4 gxh4 48. Kxh4 b5 49. g4 a4 {White resigns} 0-1

[Event "Team 45 45 League T96"]
[Site "Internet Chess Club"]
[Date "2023.05.25"]
[Round "3"]
[White "Lawkeito"]
[Black "elmaestro"]
[Result "1-0"]
[WhiteElo "1712"]
[BlackElo "1572"]
[Opening "Grünfeld: Russian variation"]
[ECO "D96"]
[Time "21:25:26"]
[PlyCount "119"]
[TimeControl "2700+45"]

1. d4 Nf6 2. c4 g6 3. Nc3 d5 4. Nf3 Bg7 5. Qb3 c6 6. Bf4 O-O 7. e3 Nbd7 8. cxd5
cxd5 9. Nxd5 Qa5+ 10. Nc3 Nh5 11. Bg5 Nhf6 12. Be2 h6 13. Bh4 g5 14. Bg3 Ne4 15.
O-O Nxg3 16. hxg3 Nb6 17. Rac1 Be6 18. Qc2 Rac8 19. Qb1 Nc4 20. Rfd1 Bf5 21. e4
Bg6 22. Nd5 Qxd5 23. exd5 Bxb1 24. Bxc4 Bf5 25. Ne5 Rfd8 26. b3 Rd6 27. f3 f6
28. Nd3 Bxd3 29. Bxd3 Rxc1 30. Rxc1 Rxd5 31. Bc4 e6 32. Bxd5 exd5 33. Rc5 Kf7
34. Rxd5 Ke6 35. Rc5 f5 36. d5+ Kd6 37. Rc8 Kxd5 38. Kf1 Be5 39. Ke2 Bxg3 40.
Kd3 Be5 41. Rd8+ Kc5 42. Rd7 Kc6 43. Rh7 a5 44. Rxh6+ Kc5 45. Rg6 Bf4 46. Rf6 b5
47. Rxf5+ Kb4 48. g3 Bxg3 49. Rxg5 Bf2 50. Rg2 Bc5 51. f4 a4 52. bxa4 bxa4 53.
f5 Be7 54. Kd4 Bf6+ 55. Kd5 Ka3 56. Ke6 Bb2 57. f6 Kxa2 58. f7 a3 59. f8=Q Kb3
60. Qf3+ {Black resigns} 1-0

[Event "Team 45 45 League T96"]
[Site "Internet Chess Club"]
[Date "2023.05.26"]
[Round "3"]
[White "burlap"]
[Black "manfredo"]
[Result "1/2-1/2"]
[WhiteElo "1303"]
[BlackElo "1543"]
[Opening "Ruy Lopez: open, 8...Be6"]
[ECO "C80"]
[Time "11:05:52"]
[PlyCount "51"]
[TimeControl "2700+45"]

1. e4 e5 2. Nf3 Nc6 3. Bb5 a6 4. Ba4 Nf6 5. O-O Nxe4 6. d4 b5 7. Bb3 d5 8. dxe5
Be6 9. Re1 Nc5 10. Bg5 Be7 11. Bxe7 Nxe7 12. Nc3 Nxb3 13. axb3 O-O 14. Ng5 Nf5
15. Nxe6 fxe6 16. Ne2 Qg5 17. Nd4 Nxd4 18. Qxd4 Rf4 19. Qe3 Qf5 20. Re2 Re4 21.
Qd3 Rxe2 22. Qxe2 c5 23. c4 bxc4 24. bxc4 d4 25. Rd1 Rd8 26. b3 {Game drawn by
mutual agreement} 1/2-1/2

[Event "Team 45 45 League T96"]
[Site "Internet Chess Club"]
[Date "2023.05.28"]
[Round "3"]
[White "fvafier"]
[Black "jcule"]
[Result "0-1"]
[WhiteElo "1536"]
[BlackElo "1393"]
[Opening "Queen's pawn game, Darooha variation "]
[ECO "D02"]
[Time "07:00:24"]
[PlyCount "60"]
[TimeControl "2700+45"]

1. d4 d5 2. Nf3 Nf6 3. c4 e6 4. e3 c5 5. b3 dxc4 6. bxc4 Ne4 7. Bb2 cxd4 8. exd4
Bb4+ 9. Nbd2 Nc6 10. Bd3 Nxd2 11. Nxd2 Nxd4 12. O-O O-O 13. Ne4 Nc6 14. Qf3 e5
15. Rfd1 f5 16. Qh5 g6 17. Qh6 fxe4 18. Bxe4 Qe7 19. Rd3 Bc5 20. Bd5+ Be6 21.
Bxe6+ Qxe6 22. Rf1 Bd4 23. Ba3 Rf7 24. Rh3 Qf6 25. Rf3 Qg7 26. Qh3 Rxf3 27. Qxf3
Qf7 28. Qe4 Qxc4 29. Bc1 Bxf2+ 30. Rxf2 Qxe4 {White resigns} 0-1

[Event "Team 45 45 League T96"]
[Site "Internet Chess Club"]
[Date "2023.05.25"]
[Round "3"]
[White "Fulmar"]
[Black "Denis240964"]
[Result "1-0"]
[WhiteElo "1249"]
[BlackElo "1275"]
[Opening "Ruy Lopez: Wormald (Alapin) attack"]
[ECO "C77"]
[Time "12:00:13"]
[PlyCount "77"]
[TimeControl "2700+45"]

1. e4 e5 2. Nf3 Nc6 3. Bb5 a6 4. Ba4 Nf6 5. Qe2 b5 6. Bb3 Be7 7. c3 d6 8. h3 Na5
9. Bc2 c5 10. a4 Bd7 11. d4 cxd4 12. cxd4 Qc7 13. Qd3 Rc8 14. Kd2 Nc4+ 15. Kd1
O-O 16. b3 Na5 17. d5 b4 18. Bd2 Qb7 19. Na3 Rc5 20. Nc4 Nxc4 21. bxc4 Rfc8 22.
Bb3 a5 23. Be3 R5c7 24. Ng1 Rf8 25. f4 exf4 26. Bxf4 Nh5 27. Bh2 Bf6 28. Rc1 Bc3
29. Bxd6 Qb6 30. Bxc7 Qf2 31. Ne2 Qxg2 32. Kc2 Qg6 33. Nxc3 bxc3 34. Kxc3 Rc8
35. Bxa5 Nf4 36. Qf1 Qg3+ 37. Kc2 Bxa4 38. Bxa4 Rxc4+ 39. Qxc4 {Black resigns}
1-0

[Event "Team 45 45 League T96"]
[Site "Internet Chess Club"]
[Date "2023.05.28"]
[Round "3"]
[White "primerpaso"]
[Black "WillC"]
[Result "1-0"]
[WhiteElo "1806"]
[BlackElo "1571"]
[Opening "English: Carls' Bremen system"]
[ECO "A22"]
[Time "13:00:30"]
[PlyCount "97"]
[TimeControl "2700+45"]

1. c4 e5 2. g3 Nf6 3. Nc3 Bc5 4. Bg2 O-O 5. e3 Re8 6. Nge2 c6 7. d4 exd4 8. Nxd4
Qb6 9. O-O Bb4 10. Na4 Qc7 11. a3 Bf8 12. b4 d5 13. cxd5 Nxd5 14. Bb2 Nd7 15.
Rc1 Qd6 16. Qd2 Ne5 17. Rfd1 Bg4 18. f3 Bh5 19. e4 Nf6 20. Qf4 Rad8 21. Nc5 Qb8
22. g4 Bg6 23. Ne2 Bxc5+ 24. bxc5 Rxd1+ 25. Rxd1 Nc4 26. Qxb8 Rxb8 27. Bxf6 gxf6
28. a4 Kf8 29. Rd4 Ne5 30. h3 Ke7 31. f4 Nd7 32. Rc4 h5 33. f5 Bh7 34. gxh5 Rg8
35. Kf2 Ne5 36. Rc3 Rd8 37. Ke3 Rg8 38. Bf3 Rd8 39. Nf4 Rd7 40. Be2 Rd8 41. Nd3
Rg8 42. Nxe5 fxe5 43. Rb3 Rb8 44. a5 f6 45. Ba6 b5 46. cxb6 axb6 47. axb6 Kd6
48. b7 Rg8 49. b8=Q+ {Black resigns} 1-0